 Dungeon Crawl Stone Soup version 0.29.1-15-g9cfb28693d (webtiles) character file.

Game seed: 13724670466074117275

24 javelincjr the Magician (level 3, -6/25 HPs)
             Began as a Djinni Conjurer on Mar 13, 2023.
             Killed from afar by Sigmund (7 damage)
             ... with a magic dart
             ... on level 2 of the Dungeon.
             The game lasted 00:02:05 (1427 turns).

javelincjr the Magician (Djinni Conjurer)           Turns: 1427, Time: 00:02:05

Health: -6/25      AC:  2    Str:  8    XL:     3   Next: 15%
Gold:   73         EV: 12    Int: 19    God:
                   SH:  0    Dex: 11

rFire   + + .      SeeInvis .   (no weapon)
rCold   x . .      Faith    .   (no shield)
rNeg    . . .      Spirit   .   a - +0 robe
rPois   ∞          Reflect  .   (no helmet)
rElec   .          Harm     .   (no cloak)
rCorr   .          Rampage  .   (no gloves)
Will    .....                   (boots unavailable)
Stlth   ++........              (no amulet)
HPRegen 0.08/turn               (no ring)
MPRegen 0.00/turn               (no ring)

@: flying
A: sickness immunity, fire resistance 2, cold vulnerability 1, float, innate
caster, HP casting, extra vitality 1
a: no special abilities


You were on level 2 of the Dungeon.
You visited 1 branch of the dungeon, and saw 2 of its levels.

You collected 73 gold pieces.

Inventory:

Missiles
 d - 3 boomerangs of dispersal
Armour
 a - a +0 robe (worn)
Scrolls
 c - 2 scrolls of vulnerability {unknown}
Potions
 b - a potion of flight {unknown}
 e - a potion of degeneration {unknown}
 f - a potion of curing {unknown}


   Skills:
 * Level 0.1 Fighting
 + Level 2.7 Dodging
 - Level 2.1 Stealth
 + Level 3.4 Spellcasting


You couldn't memorise any spells.
You knew the following spells:

 Your Spells              Type           Power      Damage    Failure   Level
a - Magic Dart            Conj           64%        1d6       3%          1
b - Searing Ray           Conj           32%        2d5       5%          2
c - Dazzling Flash        Conj/Hex       32%        N/A       11%         3
d - Fulminant Prism       Conj/Hex       8%         3d7       34%         4
e - Iskenderun's Mystic   Conj/Tloc      16%        2d5       34%         4
f - Necrotise             Necr           64%        1d7       3%          1
Your spell library was empty.

Dungeon Overview and Level Annotations

Branches:
Dungeon (2/15)

Altars:

Annotations:
D:2 Sigmund


Innate Abilities, Weirdness & Mutations

You are immune to sickness and miasma.
You are immune to poison.
Your flesh is very heat resistant. (rF++)
You are vulnerable to cold. (rC-)
You float through the air rather than walking.
You learn spells naturally, not from books.
Your magical power is your life essence.
You have superior vitality. (+4 MHP)


Message History

You fly downwards.
Found a scroll labelled OFRECIFAMN.
There is a stone staircase leading up here.
Sigmund the Dreaded comes into view.
He is wielding a +5 scythe of flaming.
Sigmund shouts!
Casting: Magic Dart (safe; 3% risk of failure)
Confirm with . or Enter, or press ? or * to list all spells.
You aren't experienced enough to cast this spell.
The magic dart hits Sigmund.
Sigmund is lightly wounded.
Casting: Magic Dart (safe; 3% risk of failure)
Confirm with . or Enter, or press ? or * to list all spells.
You can't see any susceptible monsters within range! (Use Z to cast anyway.)
The magic dart hits Sigmund.
Sigmund is moderately wounded.
Casting: Magic Dart (safe; 3% risk of failure)
Confirm with . or Enter, or press ? or * to list all spells.
Aiming: Searing Ray (safe; 5% risk of failure)
Press: ? - help, Shift-Dir - straight line, f/p - Sigmund
Aim: Sigmund, wielding a +5 scythe of flaming and wearing a +0 robe (moderately wounded, 75% to hit)
The searing ray hits Sigmund.
Sigmund is heavily wounded. (Press . to maintain the ray.)
The searing ray hits Sigmund.
Sigmund is severely wounded.
The searing ray hits Sigmund.
Sigmund is severely wounded.
Sigmund hits you from afar with a +5 scythe of flaming!
Ouch! That really hurt!
* * * LOW HITPOINT WARNING * * *
The searing ray hits Sigmund.
Sigmund is almost dead.
* * * LOW HITPOINT WARNING * * *
You finish channelling your searing ray.
Sigmund hits you from afar with a +5 scythe of flaming.
* * * LOW HITPOINT WARNING * * *
There is a stone staircase leading up here.
Sigmund casts a spell at you. The magic dart hits you!
You die...

### #.. # #.#
..##.##.#######
.....@.....?...
..##...@#######
#..............
.#####.########
#. ##


You could see Sigmund.

Vanquished Creatures
  6 bats (D:1)
  An endoplasm (D:1)
  2 giant cockroaches (D:1)
  A goblin (D:1)
  3 hobgoblins (D:1)
  A quokka (D:1)
  2 ball pythons (D:1)
  3 frilled lizards (D:1)
  4 rats (D:1)
23 creatures vanquished.

Notes
Turn   | Place    | Note
-------+----------+-------------------------------------------
     0 | D:1      | javelincjr the Djinni Conjurer began the quest for the Orb.
     0 | D:1      | javelincjr set off with the following spells memorised:
                  | Magic Dart, Searing Ray, Dazzling Flash, Fulminant Prism,
                  | Iskenderun's Mystic Blast.
     0 | D:1      | Reached XP level 1. HP: 15/15 MP: 0/0
   262 | D:1      | Reached XP level 2. HP: 18/21 MP: 0/0
   475 | D:1      | Found a faded altar of an unknown god.
   982 | D:1      | Reached XP level 3. HP: 22/25 MP: 0/0
   982 | D:1      | Learned a level 1 spell: Necrotise
  1419 | D:2      | Noticed Sigmund
  1426 | D:2      | HP: 1/25 [Sigmund/+5 scythe of flaming (1)]
  1427 | D:2      | Killed from afar by Sigmund

Illustrated notes

Levels and vault maps discovered:
D:1:      tarquinn_simple_flora_water_a, layout_loops_corners,
          ebering_ecumenical_altar_mist
D:2:      layout_loops_ring, uniq_sigmund

Skill      XL: |  1  2 |
---------------+-------+-----
Stealth        | 2 |  2.1
Fighting       | |  0.1
Dodging        | |  2.7
Spellcasting   | |  3.4

Action                   || total
-------------------------++-------
 Cast: Magic Dart        ||    41
       Searing Ray       ||     1
Dodge: Dodged            ||     2
